 Dungeon Crawl Stone Soup version 0.21.1-1-g345015f (webtiles) character file.

100 Fang the Skirmisher (level 4, -1/30 HPs)
             Began as a Gargoyle Berserker on June 8, 2018.
             Was a Priest of Trog.
             Slain by an orc
             ... wielding a +0 mace
              (7 damage)
             ... on level 3 of the Dungeon.
             The game lasted 00:01:54 (1918 turns).

Fang the Skirmisher (Gargoyle Berserker)            Turns: 1918, Time: 00:01:55

Health: -1/30      AC:  5    Str: 21    XL:     4   Next: 74%
Magic:  4/4        EV: 12    Int: 13    God:    Trog [***...]
Gold:   182        SH:  0    Dex:  9    Spells: 3/3 levels left

rFire    . . .     SeeInvis .   a - +0 hand axe
rCold    . . .     Gourm    .   (no shield)
rNeg     + . .     Faith    .   b - +0 animal skin
rPois    ∞         Spirit   .   (no helmet)
rElec    +         Reflect  .   (no cloak)
rCorr    .         Harm     .   (no gloves)
MR       .....                  (no boots)
Stlth    +.........             (no amulet)
HPRegen  0.10/turn              j - +3 ring of intelligence
MPRegen  0.09/turn              o - +2 ring of intelligence

@: no status effects
A: negative energy resistance 1, electricity resistance, unbreathing,
petrification resistance, rot immunity, AC +3
a: Berserk, Trog's Hand, Burn Spellbooks, Renounce Religion


You were on level 3 of the Dungeon.
You worshipped Trog.
Trog was most pleased with you.
You were hungry.

You visited 1 branch of the dungeon, and saw 3 of its levels.

You collected 182 gold pieces.

Inventory:

Hand Weapons
 a - a +0 hand axe (weapon)
Armour
 b - a +0 animal skin (worn)
Jewellery
 j - a +3 ring of intelligence (left hand)
 o - a +2 ring of intelligence (right hand)
Scrolls
 e - 2 scrolls of identify {unknown}
 f - a scroll of blinking {unknown}
 h - a scroll of teleportation {unknown}
 k - 2 scrolls of magic mapping {unknown}
 n - a scroll of enchant armour {unknown}
Potions
 d - a potion of degeneration {unknown}
 g - a potion of haste {unknown}
 i - a potion of berserk rage {unknown}
 l - a potion of cancellation {unknown}
 m - a potion of curing {unknown}
Comestibles
 c - 5 rations


   Skills:
 + Level 4.5 Fighting
 + Level 3.6 Axes
 + Level 2.3 Armour
 + Level 2.0 Dodging
 + Level 0.1 Stealth


You had 3 spell levels left.
You didn't know any spells.

Dungeon Overview and Level Annotations

Branches:
Dungeon (3/15)

Altars:
Cheibriados
Xom


Innate Abilities, Weirdness & Mutations

You are resistant to torment.
Your stone body is resilient. (AC +3)
You are immune to poison.
You resist negative energy. (rN+)
You are resistant to electric shocks. (rElec)
You can survive without breathing.
You are immune to petrification.
You are immune to rotting.


Message History

You are too injured to fight recklessly!
You are too injured to fight recklessly!
You are too injured to fight recklessly!
You are too injured to fight recklessly!
You are too injured to fight recklessly!
You are too injured to fight recklessly!
The orc hits you but does no damage.
Things that are here:
a hand axe; a club; an orc corpse You hit the orc but do no damage.
The orc is lightly wounded.
The orc hits you with a mace.
You hit the orc.
The orc is severely wounded.
The orc hits you with a mace.
* * * LOW HITPOINT WARNING * * *
You hit the orc but do no damage.
The orc is severely wounded.
The orc hits you with a mace!
You die...

#.. ##########..#
##.....#.....#
##............#
#.............+
#.............# .
#........)o...# ..
#.........@...##
.<.#.................
.[...................
....#............####
#......)..########
#...#.....## #.
###....# ##.#..######
... #..........#


You could see an orc.

Vanquished Creatures
  3 adders (D:2)
  An ooze (D:1)
  A worm (D:2)
  2 dart slugs (D:1)
  3 orcs (D:3)
  5 bats
  6 giant cockroaches
  5 hobgoblins
  A jackal (D:2)
  2 quokkas
  A ball python (D:2)
  4 frilled lizards
  8 goblins
  8 kobolds
  10 rats
60 creatures vanquished.

Notes
Turn   | Place    | Note
-------+----------+-------------------------------------------
     0 | D:1      | Fang the Gargoyle Berserker began the quest for the Orb.
     0 | D:1      | Reached XP level 1. HP: 14/14 MP: 1/1
   189 | D:1      | Reached XP level 2. HP: 6/19 MP: 2/2
   529 | D:1      | Reached XP level 3. HP: 24/24 MP: 3/3
   563 | D:1      | Reached ** piety under Trog
   968 | D:2      | Found a snail-covered altar of Cheibriados.
  1138 | D:2      | Reached skill level 4 in Fighting
  1297 | D:2      | Reached XP level 4. HP: 19/29 MP: 4/4
  1794 | D:2      | Found a shimmering altar of Xom.
  1904 | D:3      | Reached *** piety under Trog
  1918 | D:3      | Slain by an orc

Skill      XL: |  1  2  3  4 |
---------------+-------------+-----
Axes           | 3 |  3.6
Fighting       | 4 |  4.5
Dodging        | 2 |  2.0
Armour         | |  2.3
Stealth        | |  0.1

Action                   |  1- 3 |  4- 6 || total
-------------------------+-------+-------++-------
Melee: Hand axe          |   139 |    71 ||   210
Invok: Berserk           |     1 |       ||     1
  Eat: Chunk             |     1 |     3 ||     4
Armor: Animal skin       |    49 |    27 ||    76
Dodge: Dodged            |    95 |    44 ||   139
